 Dungeon Crawl Stone Soup version 0.01-2087-gb5e28fc70b (webtiles) character file.

Game seed: 17075031925548153321, levelgen mode: deterministic

56 Artagas the Chopper (level 3, -1/51 HPs) Minotaur Berserker. Began on May 28, 2020. Was a Follower of Trog. Slain by Edmund ... wielding a +2 flail of crushing (7 damage) ... on level 2 of the Dungeon. The game lasted 00:02:17 (872 turns).

Artagas the Chopper (Minotaur Berserker)             Turns: 872, Time: 00:02:18

Health: -1/51      AC:  5    Str: 27    XL:     3 ^: 17
Magic:  2/2        EV: 12    Int:  4    God:    Trog [*..... (49)]
Gold:   73         SH:  0    Dex:  9    Spells: 2/2 levels left

rFire    . . .     Vision   .   e - +2 broad axe (chop)
rCold    . . .     Gourm    .   (no weapon)
rNeg     . . .     Faith    .   j - +0 ring mail
rPois    .         Spirit   .   (helmet restricted)
rElec    .         Reflect  .   (no cloak)
rCorr    .         Harm     .   (no gloves)
MR       .....     Rnd*Rage +   (no boots)
Stlth    ..........             (no amulet)
HPRegen  0.27/turn              (no ring)
MPRegen  0.12/turn              (no ring)

@: mighty, berserking, very quick
A: retaliatory headbutt, horns 2
a: Berserk, Renounce Religion


You were on level 2 of the Dungeon.
You worshipped Trog.
Trog was aware of your devotion.
You were hungry.

You visited 1 branch of the dungeon, and saw 2 of its levels.

You collected 73 gold pieces.

Inventory:

Weapons
 a - a +0 hatchet
 e - a +2 broad axe of chopping (weapon)
Armour
 b - a +0 animal skin
 j - a +0 ring mail (worn)
Scrolls
 f - a scroll of fear
 h - a scroll of enchantment
 i - a scroll of blinking
 k - a scroll of teleportation
Potions
 d - 3 potions of curing
 g - a potion of brilliance
Comestibles
 c - 6 rations


   Skills:
 + Level 4.3 Fighting
 + Level 5.0 Axes & Hammers
 - Level 2.4 Armour
 - Level 2.2 Dodging
 + Level 0.3 Unarmed Combat


You had 2 spell levels left.
You didn't know any spells.
Your spell library was empty.

Dungeon Overview and Level Annotations

Branches:
Dungeon (2/8)

Altars:

Annotations:
D:2 Edmund, Sigmund


Innate Abilities, Weirdness & Mutations

You reflexively headbutt those who attack you in melee.
You have a pair of horns on your head.
You frequently lose your temper in combat.
This godly rage surpasses even clarity. (*Rage)


Message History

Edmund hits you with a +2 flail of crushing (2).
You're too confused!
You feel better. Something hits you (5). Edmund barely misses you (0).
Okay, then.
A red film seems to cover your vision as you go berserk!
You feel yourself moving faster!
You feel mighty!
You are feeling hungry.
Edmund hits you with a +2 flail of crushing (8)!
You barely miss Edmund. You punch Edmund (10)!
Edmund is moderately wounded. (33/43) HP Edmund closely misses you (0).
You hit Edmund (1).
Edmund is moderately wounded. (31/43) HP You punch Edmund (7)!
Edmund is heavily wounded. (24/43) HP Something hits you (11)!
* * * LOW HITPOINT WARNING * * *
Edmund hits you with a +2 flail of crushing (7)!
You die...

############
.####..........####
..................#
#######..#########.#
#)...............#.#
##...........#...#.#
#.........#)## ##.#
#..######.###


PP.. #.@@.#≈........#PP.. #....#≈.....#%.#.P.. ############# #.... .....#
.#....# . #....# ###.. You could see Edmund.

Vanquished Creatures
  A gnoll (D:1)
  A worm (D:2)
  An ooze (D:1)
  A dart slug (D:1)
  6 bats
  2 giant cockroaches (D:1)
  2 goblins (D:1)
  5 hobgoblins (D:1)
  A frilled lizard (D:1)
  5 kobolds
  7 rats
32 creatures vanquished.

Notes
Turn   | Place    | Note
-------+----------+-------------------------------------------
     0 | D:1      | Artagas the Minotaur Berserker began the quest for the Orb.
     0 | D:1      | Reached XP level 1. HP: 19/19 MP: 0/0
    25 | D:1      | Received a gift from Trog
   155 | D:1      | Reached skill level 4 in Axes & Hammers
   155 | D:1      | Reached XP level 2. HP: 24/27 MP: 1/1
   309 | D:1      | Reached XP level 3. HP: 22/33 MP: 2/2
   764 | D:2      | Reached skill level 5 in Axes & Hammers
   854 | D:2      | Noticed Sigmund
   864 | D:2      | Noticed Edmund
   872 | D:2      | Slain by Edmund

Levels and vault maps discovered:
D:1:      lightli_iron_boxes, layout_loops_cross, first_ration, minmay_bisected
D:2:      layout_gridville, basic_altar, sigmund_edmund_badplayer

Skill      XL: |  1  2  3 |
---------------+----------+-----
Fighting       | 4 |  4.3
Axes & Hammers | 4 5 |  5.0
Armour         | |  2.4
Dodging        | |  2.2
Unarmed Combat | |  0.3

Action                   || total
-------------------------++-------
Melee: Broad axe         ||    42
       Unarmed           ||    22
       Hatchet           ||     3
       Headbutt          ||     3
Invok: Berserk           ||     1
  Use: Potion            ||     2
Armor: Animal skin       ||     8
       Ring mail         ||     2
Dodge: Dodged            ||    34
